 Dungeon Crawl Stone Soup version 0.26-a0-291-g3d11bbfad5 (webtiles) character file.

Game seed: 7524407559247484258

1239 Infinimo the Digger (level 8, -1/68 HPs)
             Began as a Hill Orc Earth Elementalist on July 14, 2020.
             Was an Initiate of Gozag.
             Slain by BritishOli's ghost (8 damage)
             ... on level 7 of the Dungeon.
             The game lasted 00:08:10 (6209 turns).

Infinimo the Digger (Hill Orc Earth Elementalist)   Turns: 6209, Time: 00:08:11

Health: -1/68      AC:  3    Str: 11    XL:     8   Next: 49%
Magic:  12/13      EV: 12    Int: 17    God:    Gozag
Gold:   209        SH:  0    Dex: 15    Spells: 5/14 levels left

rFire    . . .     SeeInvis .   u - +0 dagger "Cienaydaedd" {vorpal, Dex+4 Stlth+}
rCold    . . .     Faith    .   (no shield)
rNeg     . . .     Spirit   .   c - +0 robe
rPois    +         Reflect  .   e - +0 helmet
rElec    .         Harm     .   (no cloak)
rCorr    .                      (no gloves)
MR       .....                  (no boots)
Stlth    +++.......             (no amulet)
HPRegen  0.21/turn              j - ring of poison resistance
MPRegen  0.13/turn              (no ring)

@: about to teleport, gold aura
A: no striking features
a: Potion Petition, Call Merchant, Bribe Branch, Renounce Religion


You were on level 7 of the Dungeon.
You worshipped Gozag.
Gozag was aware of your devotion.
You visited 2 branches of the dungeon, and saw 7 of its levels.

You collected 341 gold pieces.
You paid 132 gold pieces to Gozag.

Inventory:

Hand Weapons
 k - a +2 vampiric dagger
 u - the +0 dagger "Cienaydaedd" (weapon) {vorpal, Dex+4 Stlth+}
   (You found it on level 6 of the Dungeon)

   It inflicts extra damage upon your enemies.
   It affects your dexterity (+4).
   It makes you more stealthy.
Missiles
 b - 281 stones (quivered)
Armour
 c - a +0 robe (worn)
 e - a +0 helmet (worn)
Jewellery
 j - a ring of poison resistance (left hand)
Wands
 p - a wand of clouds (7)
Scrolls
 f - 3 scrolls of teleportation
 n - 3 scrolls of identify
 r - a scroll of remove curse
 t - a scroll of enchant weapon
Potions
 a - 5 potions of heal wounds
 d - a potion of might
 g - a potion of resistance {unknown}
 h - 2 potions of haste {unknown}
 i - 3 potions of invisibility
 l - a potion of brilliance {unknown}
 m - 3 potions of curing
 o - a potion of magic {unknown}
 q - 2 potions of lignification {unknown}
 s - a potion of stabbing {unknown}
 v - a potion of flight {unknown}
 w - a potion of degeneration {unknown}


   Skills:
 + Level 5.2 Fighting
 - Level 1.5 Dodging
 - Level 1.5 Stealth
 + Level 3.7 Spellcasting
 * Level 3.5 Conjurations
   Level 0.6 Transmutations
 * Level 7.2 Earth Magic


You had 5 spell levels left.
You knew the following spells:

 Your Spells              Type           Power        Failure   Level
a - Sandblast             Erth           ####..       1%          1
b - Stone Arrow           Conj/Erth      ###...       5%          3
c - Lee's Rapid Deconstr  Erth           ####......   22%         5

Your spell library contained the following spells:

 Spells                   Type           Power        Failure   Level
 Passwall                 Tmut/Erth      ###.....     4%          2
 Petrify                  Tmut/Erth      ###.....     32%         4


Dungeon Overview and Level Annotations

Branches:
Dungeon (7/15)             Temple (1/1) D:7

Altars:
Ashenzari
Cheibriados
Dithmenos
Elyvilon
Fedhas
Gozag
Hepliaklqana
Kikubaaqudgha
Makhleb
Nemelex Xobeh
Qazlal
Ru
Trog
Uskayaw
Vehumet
Xom
Yredelemnul
Zin
The Shining One

Annotations:
D:4 1 transporter
D:7 1 transporter, BritishOli's ghost, novice DsFi


Message History

The gnoll sergeant hits you from afar with a +2 spear of flaming.
The gnoll sergeant burns you.
As you read the scroll of teleportation, it crumbles to dust.
You feel strangely unstable.
The gnoll sergeant hits you from afar with a +0 trident of protection.
Casting: Sandblast (safe; 1% risk of failure)
Confirm with . or Enter, or press ? or * to list all spells.
Aiming: Sandblast (safe; 1% risk of failure)
Press: ? - help, Shift-Dir - straight line, f - gnoll
Aim: a gnoll, wielding the +1 mace of Veliw {holy, *Contam rElec Int+4 SInv} and wearing the amulet "Kaniamu" {RegenMP rPois} (fast)
The blast of sand hits the gnoll!!
You kill the gnoll!
b - 281 stones The gnoll zaps a wand.
The puff of flame hits you!
* * * LOW HITPOINT WARNING * * *
The gnoll zaps a wand.
The puff of flame hits you.
* * * LOW HITPOINT WARNING * * *
BritishOli's ghost hits you!
You die...
Your body crumbles into a pile of gold.

#..#..####.≈≈≈≈≈≈≈≈≈≈≈≈≈≈≈≈≈.#
##.#.......≈≈####.....####≈≈.##
#.#.#####.≈≈#..#8###8#..#≈≈..#
#...# #.≈≈##.###.###.##≈≈..#
##..# #.≈≈#...........#≈≈..#
#..#####.≈≈###.##'##.###≈≈..#
#.>......≈≈..#g#...#.#..≈≈..#
#.....#..≈≈.##W#...#.##.≈≈..#
#.....#..≈≈.#@.#):.#.©#.≈≈..#
#.....#..≈≈.##.#####.##.≈≈..#
####.....#......#$#8g8#g#..≈≈..#
#........##....©#gg.g.'.#©.≈≈..#
#.#......##.....#.#g.P#.#..≈≈..#
.....[...##.≈≈.##.##.##.##.≈≈..#
#...#....##.≈≈.#..#...#..#.≈≈..#
##.###..###.≈≈.##.#⌠.⌠#.##.≈≈..#
#...#.......≈≈..#.#P.P#.#..≈≈..#


You could see 2 gnoll sergeants, BritishOli's ghost and 2 gnolls.

Vanquished Creatures
  An ice beast (D:6)
  An eye of draining (D:7)
  2 phantoms (D:6)
  An ogre (D:3)
  A centaur (D:7)
  A big kobold (D:7)
  A bullfrog (D:7)
  A hound (D:6)
  3 orc priests
  A jelly (D:6)
  Jessica (D:3)
  An iguana (D:6)
  A worker ant (D:6)
  A hound zombie (D:6)
  A hound skeleton (D:4)
  14 gnolls
  5 adders
  3 shadow imps
  A white imp (D:7)
  3 ufetubi (D:6)
  An ooze (D:3)
  2 dart slugs (D:1)
  A worm (D:2)
  3 leopard geckos
  11 orcs
  2 giant cockroaches
  11 goblins
  8 hobgoblins
  3 jackals (D:1)
  2 quokkas (D:2)
  5 bats
  5 frilled lizards
  14 kobolds
  25 rats
137 creatures vanquished.

Vanquished Creatures (others)
  3 plants (D:7)
3 creatures vanquished.

Grand Total: 140 creatures vanquished

Notes
Turn   | Place    | Note
-------+----------+-------------------------------------------
     0 | D:1      | Infinimo the Hill Orc Earth Elementalist began the quest
                  | for the Orb.
     0 | D:1      | Reached XP level 1. HP: 14/14 MP: 3/3
   324 | D:1      | Reached XP level 2. HP: 10/22 MP: 0/4
   681 | D:1      | Reached skill level 1 in Fighting
  1131 | D:1      | Reached XP level 3. HP: 23/28 MP: 5/5
  1620 | D:2      | Reached skill level 4 in Earth Magic
  1631 | D:2      | Reached XP level 4. HP: 36/36 MP: 7/7
  2125 | D:2      | Found a glowing golden altar of the Shining One.
  2565 | D:3      | Found an ancient bone altar of Kikubaaqudgha.
  2601 | D:3      | Noticed an ogre
  2609 | D:3      | Killed an ogre
  2609 | D:3      | Reached XP level 5. HP: 44/44 MP: 3/8
  2764 | D:3      | Noticed Jessica
  2769 | D:3      | Killed Jessica
  2769 | D:3      | Reached skill level 5 in Earth Magic
  2769 | D:3      | Reached XP level 6. HP: 48/51 MP: 5/9
  3154 | D:4      | Found a transporter.
  3418 | D:4      | You fall into a shaft and drop 2 floors!
  3419 | D:6      | Noticed a phantom
  3465 | D:6      | Killed a phantom
  3615 | D:6      | Reached XP level 7. HP: 49/58 MP: 2/11
  3664 | D:6      | Reached skill level 6 in Earth Magic
  3669 | D:6      | Learned a level 3 spell: Stone Arrow
  3827 | D:6      | Reached skill level 1 in Conjurations
  4647 | D:6      | Found a stormy altar of Qazlal.
  4649 | D:6      | Found a shadowy altar of Dithmenos.
  4653 | D:6      | Found a sacrificial altar of Ru.
  4999 | D:6      | Reached XP level 8. HP: 67/67 MP: 11/13
  5107 | D:6      | Got a polished dagger
  5108 | D:6      | Identified the cursed +0 dagger "Cienaydaedd" {vorpal,
                  | Dex+4 Stlth+} (You found it on level 6 of the Dungeon)
  5122 | D:6      | Learned a level 5 spell: Lee's Rapid Deconstruction
  5287 | D:7      | Found a bloodstained altar of Trog.
  5311 | D:7      | Reached skill level 7 in Earth Magic
  5440 | D:7      | Found a staircase to the Ecumenical Temple.
  5454 | D:7      | Found a snail-covered altar of Cheibriados.
  5463 | Temple   | Entered the Ecumenical Temple
  5619 | D:7      | Found a blossoming altar of Fedhas.
  5632 | D:7      | Reached skill level 5 in Fighting
  5792 | D:7      | Found a transporter.
  5799 | D:7      | Found a radiant altar of Vehumet.
  5839 | D:7      | Found an opulent altar of Gozag.
  6050 | D:7      | Found a transporter.
  6059 | D:7      | Identified the cursed +1 mace of Veliw {holy, *Contam rElec
                  | Int+4 SInv}
  6059 | D:7      | Identified the amulet "Kaniamu" {RegenMP rPois}
  6149 | D:7      | Became a worshipper of Gozag Ym Sagoz the Greedy
  6193 | D:7      | Noticed BritishOli's ghost (novice DsFi)
  6205 | D:7      | Identified the +9 trident of Trauma {chaos, Int+5}
  6209 | D:7      | Slain by BritishOli's ghost

Illustrated notes

Levels and vault maps discovered:
D:1:      dpeg_arrival_leaves_temple_mockup, layout_rooms
D:2:      layout_basic, nicolae_tso_swordbearing_angel, minmay_rat_hole
D:3:      layout_rooms, overflow_temple_1_default, chequers_avenue, uniq_jessica
D:4:      layout_basic, okawaru_trees_1, gammafunk_ghost_mausoleum
D:6:      corexii_shantytown, layout_basic, minitemple, minmay_between
D:7:      layout_basic, fedhas_bush_and_centaur_altar, vehumet_crystals,
          trog_eyes_of_draining, cheibriados_altar_1,
          lemuel_coloured_pillars_altar, minmay_temple_entry_glass,
          gammafunk_ghost_gnarly_gnolls, nrook_uturn
Temple:   nicolae_temple_figure_zero

Skill      XL: |  1  2  3  4  5  6  7  8 |
---------------+-------------------------+-----
Fighting       | 1 2 3 4 5 |  5.2
Spellcasting   | 2 3 |  3.7
Earth Magic    | 4 5 6 7 |  7.2
Conjurations   | 2 3 |  3.5
Dodging        | |  1.5
Stealth        | |  1.5
Transmutations | |  0.6

Action                   |  1- 3 |  4- 6 |  7- 9 || total
-------------------------+-------+-------+-------++-------
Melee: Club              |    62 |       |       ||    62
       Unarmed           |     5 |       |       ||     5
       Dagger            |    42 |   135 |    13 ||   190
 Cast: Sandblast         |    13 |    51 |   108 ||   172
  Use: Scroll            |     3 |       |     9 ||    12
 Stab: Sleeping          |     2 |     3 |       ||     5
Armor: Robe              |    21 |    17 |     3 ||    41
Dodge: Dodged            |    81 |    96 |    24 ||   201

Table legend:
 A = Non-vault XP
 B = Vault XP
 C = Vault XP percentage of total XP
 D = Non-vault monster count
 E = Vault monster count
 F = Vault count percentage of total count
                 A         B        C        D         E       F
            +---------+---------+-------+---------+---------+-------
      Total |    1294 |     476 |  26.9 |      90 |      47 |  34.3
            +---------+---------+-------+---------+---------+-------
        D:1 |      40 |       0 |   0.0 |      24 |       0 |   0.0
        D:2 |      43 |      20 |  31.7 |      10 |      19 |  65.5
        D:3 |     187 |      37 |  16.5 |      17 |       1 |   5.6
        D:4 |      37 |       0 |   0.0 |       5 |       0 |   0.0
        D:6 |     713 |     151 |  17.5 |      22 |      22 |  50.0
        D:7 |     274 |     268 |  49.4 |      12 |       5 |  29.4
            +---------+---------+-------+---------+---------+-------
